Map: Prion Terraces

Players

Pokebunny - Winner!

  • Race: Terran Terran
  • League: Grandmaster

DarKLoVeR

  • Race: Zerg Zerg
  • League: Grandmaster

VOD

Have the link to the VOD?

Description

Time

  • Played on: April 7, 2016, 2:36 p.m.
  • Length: 14:32
Show
View Real Time Build Order
Export as new Build Order

Pokebunny Terran - Winner!

Build Orders: Reaper Expand, MMM Bio 

Get SALT Encoding   

  12  0:00  SCV  
  13  0:12  SCV  
  14  0:16  Supply Depot  
  14  0:24  SCV  
  15  0:38  Barracks, SCV  
  16  0:44  Refinery  
  16  0:50  SCV  
  17  1:02  SCV  
  18  1:14  SCV  
  19  1:26  Orbital Command  
  19  1:28  Reaper  
  20  1:39  Command Center  
  20  1:51  Supply Depot  
  20  1:52  SCV  
  21  2:01  Barracks Reactor  
  21  2:04  Barracks  
  21  2:06  SCV  
  22  2:16  Barracks  
  22  2:18  SCV  
  23  2:24  Refinery  
  23  2:33  SCV  
  24  2:38  Marine x2  
  26  2:48  Factory  
  26  2:55  Orbital Command  
  26  2:58  Marine  
  27  3:05  Barracks Tech Lab, Marine  
  28  3:07  Marine  
  28  3:11  SCV  
  30  3:22  SCV  
  30  3:23  SCV  
  30  3:24  Marine  
  30  3:25  Stimpack  
  30  3:26  Marine x2  
  35  3:27  Marine  
  36  3:35  Starport  
  36  3:36  Factory Reactor  
  36  3:44  SCV  
  36  3:46  Marine  
  36  3:47  Marine x3  
  41  3:53  Supply Depot  
  41  3:54  Engineering Bay  
  41  3:58  SCV  
  41  3:59  SCV  
  43  4:05  Marine  
  43  4:06  Marine x2  
  46  4:14  Marine, SCV x2  
  49  4:19  Factory Tech Lab  
  49  4:20  Medivac x2  
  53  4:24  Marine  
  53  4:25  Refinery  
  54  4:36  Supply Depot  
  54  4:44  Barracks Reactor  
  54  4:46  Terran Infantry Weapons Level 1  
  54  4:58  Marine x3, SCV x2  
  54  4:59  Siege Tank  
  62  5:01  Supply Depot x2  
  62  5:02  Barracks  
  62  5:03  Barracks  
  62  5:22  Medivac, SCV x2  
  61  5:41  Marine x4  
  65  5:43  Siege Tank  
  65  5:45  Combat Shields  
  65  5:46  Marine  
  69  5:51  Supply Depot  
  69  5:52  Command Center  
  69  5:54  Medivac  
  69  5:55  SCV  
  69  5:56  SCV  
  73  5:59  Marine x2  
  75  6:06  Marine x2  
  75  6:07  SCV  
  78  6:12  Marine x3  
  78  6:13  Supply Depot, SCV  
  82  6:18  Marine  
  82  6:19  Marine  
  82  6:23  SCV  
  82  6:24  Marine, Supply Depot  
  86  6:34  Siege Tank, Marine, SCV  
  87  6:44  Marine x5  
  82  6:47  Marine  
  82  6:49  Medivac x2  
  82  6:51  Terran Infantry Armor Level 1  
  82  6:52  Marine, SCV x2  
  90  6:55  Supply Depot  
  90  6:58  Supply Depot  
  90  7:01  Marine  
  90  7:08  Marine x4  
  91  7:09  Siege Tank  
  96  7:21  Marine x2  
  91  7:24  Orbital Command  
  91  7:28  Marine  
  91  7:29  Marine x4  
  94  7:39  Marine x2  
  90  7:45  Siege Tank  
  90  7:46  Marine x2  
  90  7:47  Marine  
  90  7:49  Armory, Engineering Bay  
  96  7:52  Orbital Command  
  96  7:53  SCV  
  96  7:54  SCV  
  96  7:56  Marine  
  96  7:57  Marine x2  
  97  8:15  Marine  
  97  8:16  Marine x5  
  97  8:17  Marine  
  85  8:27  Siege Tank, Medivac x2  
  85  8:28  SCV x2  
  85  8:29  SCV  
  85  8:33  Marine x2  
  85  8:34  Marine x3  
  100  8:42  Marine, Refinery, Command Center  
  100  8:45  Marauder  
  103  8:53  Marine  
  103  8:54  Marine  
  103  8:55  Barracks Reactor  
  105  8:56  Refinery, Marine  
  105  8:57  Marine  
  105  9:00  Barracks Reactor  
  110  9:07  Marauder  
  110  9:08  Terran Infantry Armor Level 2  
  112  9:12  Terran Infantry Weapons Level 2  
  112  9:14  Supply Depot  
  112  9:16  Supply Depot x2  
  109  9:19  Marine x4  
  109  9:23  Supply Depot  
  113  9:27  Marine  
  105  9:41  Marine x4  
  88  9:46  Marauder  
  88  9:48  Marine x4  
  90  9:59  Marine x4  
  87  10:00  Siege Tank  
  87  10:06  Marine x3  
  83  10:07  Barracks, Marauder  
  83  10:08  Barracks  
  83  10:09  Barracks  
  84  10:19  Medivac x2  
  88  10:29  Marauder  
  88  10:30  Marine x2  
  88  10:31  Orbital Command, Marine x4  
  96  10:50  Marauder  
  96  10:56  Refinery  
  98  10:59  Refinery  
  98  11:03  Marine x3  
  98  11:04  Barracks Tech Lab  
  101  11:11  Marauder  
  101  11:13  Marine x3  
  101  11:15  Barracks Tech Lab  
  104  11:33  Marauder  
  106  11:42  Marine x3, Marauder  
  106  11:43  Barracks Reactor, Marine x3  
  114  11:51  SCV x2  
  114  11:52  SCV  
  114  11:53  Terran Infantry Weapons Level 3  
  117  11:54  Terran Infantry Armor Level 3  
  117  11:55  Marine x2, Marauder  
  117  11:56  Marauder  
  117  12:00  Marine  
  124  12:01  Planetary Fortress  
  124  12:05  SCV x3  
  127  12:14  Siege Tank  
  130  12:20  Marine x5, Marauder  
  130  12:21  Marauder  
  139  12:24  Supply Depot  
  139  12:32  Marine x3, Marauder  
  144  12:42  Marauder  
  144  12:51  Marine x2  
  144  12:52  Marauder  
  144  12:54  Marauder  
  128  13:00  Liberator  
  128  13:01  Liberator  
  128  13:04  Marine x2, Marauder  
  113  13:05  Marine x2  
  113  13:06  Marine x4  
  113  13:09  Marine x2  
  120  13:13  Marauder  
  120  13:14  Marine  
  129  13:21  Marine  
  129  13:22  Marine  
  129  13:26  Marine x2, Marauder  
  135  13:30  Marine x3  
  135  13:32  Marine  
  135  13:33  Marauder  
  140  13:41  Marine x2  
  140  13:42  Marauder  
  144  13:50  Marine  
  144  13:51  Marine x3, Marauder  
  144  13:52  Marine  
  151  13:56  Missile Turret  
Show
View Real Time Build Order
Export as new Build Order

DarKLoVeR Zerg 

Build Orders: Hatch First 

Get SALT Encoding   

  12  0:01  Drone  
  13  0:12  Overlord  
  13  0:20  Drone  
  14  0:31  Drone x2  
  14  0:35  Drone  
  17  0:51  Hatchery  
  17  0:54  Drone  
  17  0:57  Extractor  
  16  0:59  Drone  
  17  1:13  Spawning Pool  
  17  1:16  Drone  
  17  1:21  Drone  
  18  1:29  Drone  
  19  1:39  Overlord  
  19  2:00  Metabolic Boost  
  19  2:01  Zergling x4, Queen  
  20  2:05  Queen  
  25  2:12  Drone x2  
  27  2:19  Drone  
  28  2:28  Drone x2  
  29  2:34  Drone  
  30  2:45  Drone  
  31  2:54  Overlord  
  29  3:10  Drone x5  
  29  3:11  Hatchery  
  33  3:14  Queen  
  33  3:17  Zergling x4  
  37  3:22  Drone  
  37  3:23  Drone x2  
  37  3:25  Drone  
  41  3:32  Overlord  
  41  3:35  Lair  
  41  3:39  Drone  
  41  3:40  Drone  
  43  3:44  Drone  
  44  3:53  Drone  
  44  3:54  Drone, Extractor  
  44  3:55  Drone, Evolution Chamber, Roach Warren  
  46  4:00  Drone x3  
  46  4:01  Drone  
  48  4:07  Overlord  
  48  4:09  Drone  
  49  4:12  Drone  
  50  4:19  Evolution Chamber  
  50  4:21  Drone x2  
  50  4:22  Drone x2, Extractor  
  50  4:23  Extractor  
  51  4:27  Overlord  
  51  4:28  Zerg Missile Weapons Level 1  
  51  4:30  Drone x3  
  51  4:31  Drone  
  55  4:36  Glial Reconstitution  
  55  4:43  Overlord  
  55  4:45  Zerg Ground Armor Level 1  
  55  4:46  Roach  
  55  4:47  Roach  
  55  4:49  Roach  
  63  4:53  Roach  
  63  4:56  Roach  
  67  5:00  Roach x2  
  67  5:01  Overlord x2  
  67  5:07  Roach x2  
  67  5:08  Roach, Zergling x2  
  67  5:11  Roach  
  76  5:19  Roach x2  
  76  5:21  Roach x3  
  84  5:24  Roach  
  84  5:25  Roach  
  80  5:30  Roach  
  80  5:31  Roach  
  80  5:33  Roach  
  80  5:34  Roach  
  75  5:36  Roach  
  75  5:39  Roach  
  75  5:42  Roach  
  76  5:44  Roach  
  76  5:46  Roach  
  76  5:48  Roach  
  80  5:51  Roach  
  80  5:54  Roach  
  80  5:55  Roach  
  86  5:59  Overlord  
  86  6:00  Overlord  
  82  6:22  Roach  
  84  6:26  Roach x2  
  84  6:27  Roach  
  84  6:28  Roach  
  94  6:32  Roach  
  94  6:34  Roach, Hatchery  
  93  6:42  Zerg Missile Weapons Level 2  
  93  6:44  Roach  
  97  6:47  Roach  
  97  6:49  Queen  
  97  6:53  Overlord x3  
  99  6:57  Zerg Ground Armor Level 2  
  99  7:13  Roach x2  
  99  7:14  Roach x3  
  99  7:15  Roach  
  105  7:23  Roach x4  
  105  7:42  Roach x4  
  105  7:43  Roach  
  101  7:46  Extractor  
  101  7:51  Overlord x2, Extractor  
  99  7:53  Roach  
  99  7:56  Roach  
  99  7:57  Roach  
  105  8:00  Roach, Ravager  
  105  8:01  Roach x2  
  112  8:09  Roach x2  
  101  8:13  Roach x3  
  101  8:17  Roach  
  101  8:18  Roach  
  97  8:26  Roach x2  
  97  8:29  Roach  
  97  8:31  Roach  
  101  8:42  Drone x7  
  101  8:45  Ravager  
  101  8:46  Ravager  
  101  8:47  Ravager  
  101  8:48  Roach  
  113  8:51  Roach  
  113  8:53  Overlord  
  115  9:01  Roach x2  
  115  9:02  Roach x3  
  127  9:03  Roach  
  127  9:07  Ravager  
  127  9:08  Ravager x3  
  131  9:13  Roach x2  
  135  9:17  Roach  
  135  9:19  Roach  
  135  9:21  Roach  
  135  9:24  Roach  
  143  9:26  Roach  
  131  9:43  Roach  
  113  9:47  Roach  
  113  9:49  Roach  
  113  9:50  Roach x4  
  113  9:51  Roach x2  
  117  10:00  Roach x2  
  121  10:08  Roach  
  121  10:09  Roach x3  
  121  10:10  Roach x2  
  133  10:24  Hatchery  
  132  10:32  Zerg Melee Weapons Level 1  
  132  10:34  Roach x3, Infestation Pit  
  133  10:45  Spire  
  132  10:56  Roach x4  
  144  10:57  Roach x2  
  142  11:18  Overlord x2  
  142  11:19  Overlord  
  142  11:21  Hive  
  142  11:27  Drone x4  
  142  11:45  Drone x4  
  142  11:46  Drone x3  
  147  11:52  Extractor x2  
  145  12:01  Mutalisk x6  
  145  12:02  Mutalisk  
  159  12:09  Mutalisk x2  
  159  12:15  Mutalisk x2  
  167  12:17  Mutalisk  
  167  12:21  Mutalisk x2  
  173  12:26  Zerg Flyer Weapons Level 1  
  173  12:28  Mutalisk  
  175  12:32  Overlord x2  
  175  12:39  Overlord x2  
  175  12:50  Ultralisk Cavern  
  67  13:39  Ultralisk x5  
  96  13:50  Zergling x2, Ultralisk  
  101  13:56  Roach  
  101  13:57  Roach x2  
Tags
 
Add a new tag
Caveats
  • Supply blocks, unpowered buildings, or Contaminate may cause inaccurate times.
  • Supply counts are checked every 10 seconds.